 Dungeon Crawl Stone Soup version 0.14.1-24-gbdbe590 (webtiles) character file.

2626 Kenran the Cleaver (level 9, 0/70 HPs)
             Began as a Minotaur Fighter on June 17, 2014.
             Was an Initiate of Makhleb.
             Slain by a troll (3 damage)
             ... on Level 7 of the Dungeon.
             The game lasted 00:24:34 (7257 turns).

Kenran the Cleaver (Minotaur Fighter)               Turns: 7257, Time: 00:24:34

HP   0/70        AC  9     Str 21      XL: 9   Next: 24%
MP   4/4         EV  9     Int  5      God: Makhleb [......]
Gold 202         SH  0     Dex 12 (13) Spells:  0 memorised,  8 levels left

rFire  . . .     SeeInvis .     g - +0 battleaxe (curse)
rCold  . . .     Clarity  .     b - +0 scale mail
rNeg   + . .     Conserve .     (no shield)
rPois  .         rCorr    .     (helmet restricted)
rElec  .         rRot     .     (no cloak)
SustAb . .       Spirit   .     q - +1 pair of gloves
rMut   .         Warding  .     (no boots)
Gourm  +         Stasis   .     C - amulet of the gourmand
MR     .....                    i - ring of teleport control
                                f - ring of positive energy

@: about to teleport, not resistant to hostile enchantments, extremely
unstealthy
A: retaliatory headbutt, horns 2
a: Renounce Religion, Evoke Teleport Control


You were on level 7 of the Dungeon.
You worshipped Makhleb.
Makhleb was noncommittal.
You were hungry.

You visited 1 branch of the dungeon, and saw 7 of its levels.

You collected 202 gold pieces.

Inventory:

Hand weapons
 a - a +0,-2 war axe
 g - a cursed +0,+0 battleaxe (weapon)
 t - a +0,+0 war axe
Armour
 b - a +0 scale mail (worn)
 c - a +0 shield
 q - a +1 pair of gloves (worn)
Magical devices
 s - a wand of confusion (17) {unknown}
 w - a wand of hasting (3) {unknown}
Comestibles
 d - 3 bread rations
 m - a royal jelly
 v - a meat ration
 x - 6 sultanas
Scrolls
 n - a scroll of teleportation
 o - a scroll of remove curse
 p - a scroll of magic mapping
 B - a scroll of noise {unknown}
Jewellery
 f - a ring of positive energy (left hand)
 i - a ring of teleport control (right hand)
 u - an uncursed ring of invisibility
 y - an uncursed ring of protection from cold {unknown}
 z - an uncursed amulet of clarity
 C - an amulet of the gourmand (around neck)
Potions
 e - a potion of might
 h - 2 potions of curing {unknown}
 j - 2 potions of haste {unknown}
 k - 3 potions of restore abilities {unknown}
 l - 2 potions of mutation {unknown}
 r - a potion of invisibility {unknown}
 A - a potion of agility {unknown}


   Skills:
 - Level 3.6 Fighting
 - Level 13.0 Axes
 - Level 6.0 Armour
 + Level 4.0 Dodging
   Level 3.6 Shields


You had 8 spell levels left.
You didn't know any spells.

Dungeon Overview and Level Annotations

Branches:
Dungeon (7/15)             Temple (0/1) D:4

Altars:
Dithmenos
Kikubaaqudgha
Makhleb

Shops:
D:7 =


Innate Abilities, Weirdness & Mutations

You reflexively headbutt those who attack you in melee.
You have a pair of horns on your head.


Message History

The troll closely misses you. The troll claws you. The troll claws you!
You barely miss the troll. The troll bites you.
The troll claws you but does no damage. The troll claws you.
You barely miss the troll. Your headbutt misses the troll. The troll bites you!
The troll claws you but does no damage. The troll claws you.
You closely miss the troll. You headbutt the troll.
The troll is lightly wounded.
The troll bites you!
* * * LOW HITPOINT WARNING * * *
The troll claws you.
* * * LOW HITPOINT WARNING * * *
The troll claws you.
* * * LOW HITPOINT WARNING * * *
Unknown command.
Drink which item? (? for menu, Esc to quit)
Okay, then.
Read which item? (? for menu, Esc to quit)
As you read the scroll of teleportation, it crumbles to dust.
You feel strangely unstable. The troll bites you.
You die...

##+####### .# .# .# .
#+### ....########+#### .
....'.##........# ...
....#..#........###......
....##.'........@Tr......
....####........###......
....# #........# ###
...<# ########## #####


You could see a troll and a rat.

Vanquished Creatures
  A gargoyle (D:6)
  A necrophage (D:5)
  3 ice beasts
  A sky beast (D:5)
  3 ogres
  A centaur (D:6)
  A giant frog (D:6)
  2 scorpions (D:5)
  5 wights (D:6)
  An electric eel (D:7)
  A crimson imp (D:5)
  4 hounds
  A quasit (D:7)
  A centaur skeleton (D:4)
  A jelly (D:6)
  A gnoll shaman (D:4)
  An iguana (D:5)
  2 orc wizards
  6 worker ants
  An ogre skeleton (D:5)
  A hound skeleton (D:3)
  8 gnolls
  3 green rats (D:2)
  13 adders
  6 worms
  2 gnoll skeletons
  2 orc skeletons (D:6)
  2 oozes
  A giant gecko (D:3)
  20 orcs
  2 ball pythons (D:1)
  11 bats
  6 giant cockroaches
  A gnoll zombie (D:7)
  9 hobgoblins
  A quokka (D:3)
  A giant gecko skeleton (D:6)
  3 giant newts
  10 goblins
  21 kobolds
  16 rats
  A rat skeleton (D:5)
  10 ballistomycetes (D:4)
  5 plants (D:2)
193 creatures vanquished.

Vanquished Creatures (others)
  A hobgoblin (D:4)
  2 giant spores (D:4)
  A rat (D:7)
  A ballistomycete (D:4)
  A plant (D:2)
6 creatures vanquished.

Grand Total: 199 creatures vanquished

Notes
Turn   | Place    | Note
--------------------------------------------------------------
     0 | D:1      | Kenran, the Minotaur Fighter, began the quest for the Orb.
     0 | D:1      | Reached XP level 1. HP: 19/19 MP: 1/1
   109 | D:1      | Reached XP level 2. HP: 23/26 MP: 1/1
   484 | D:1      | Reached skill level 4 in Axes
   792 | D:2      | Reached XP level 3. HP: 28/31 MP: 2/2
   943 | D:2      | Reached skill level 5 in Axes
   945 | D:2      | Reached XP level 4. HP: 23/39 MP: 2/2
   946 | D:2      | Found an ancient bone altar of Kikubaaqudgha.
  1524 | D:2      | Reached skill level 6 in Axes
  1697 | D:2      | Reached XP level 5. HP: 38/45 MP: 2/2
  2366 | D:3      | Reached skill level 7 in Axes
  2990 | D:4      | Reached XP level 6. HP: 51/51 MP: 3/3
  3014 | D:4      | Found a staircase to the Ecumenical Temple.
  3063 | D:4      | HP: 1/51 [something (28)]
  3431 | D:4      | Reached skill level 8 in Axes
  4252 | D:4      | Reached skill level 9 in Axes
  4442 | D:5      | Entered Level 5 of the Dungeon
  4457 | D:5      | Reached XP level 7. HP: 57/57 MP: 3/3
  4751 | D:5      | Found a shadowy altar of Dithmenos.
  4854 | D:5      | Reached skill level 10 in Axes
  5176 | D:5      | Noticed a necrophage
  5183 | D:5      | Killed a necrophage
  5183 | D:5      | Reached skill level 11 in Axes
  5196 | D:5      | Reached XP level 8. HP: 60/64 MP: 3/3
  5744 | D:6      | Reached skill level 12 in Axes
  6041 | D:6      | Noticed a gargoyle
  6046 | D:6      | Killed a gargoyle
  6048 | D:6      | Reached skill level 13 in Axes
  6379 | D:6      | Reached skill level 5 in Armour
  6532 | D:6      | Reached XP level 9. HP: 68/70 MP: 4/4
  6543 | D:6      | Found a burning altar of Makhleb.
  6555 | D:6      | Became a worshipper of Makhleb the Destroyer
  6696 | D:6      | Reached skill level 1 in Dodging
  7145 | D:7      | Found Agreasid's Jewellery Shop.
  7256 | D:7      | HP: 2/70 [troll (3)]
  7257 | D:7      | Slain by a troll

Action                   |  1- 3 |  4- 6 |  7- 9 || total
-------------------------+-------+-------+-------++-------
Melee: War axe           |   116 |   275 |   221 ||   612
       Battleaxe         |       |       |    40 ||    40
  Use: Scroll            |     1 |     5 |     7 ||    13
